 Dungeon Crawl Stone Soup version 0.26-a0-1132-ge9770dfcb6 (webtiles) character file.

Game seed: 4753952318531130153

119 WaxSun the Gusty (level 5, -5/29 HPs)
             Began as a Tengu Air Elementalist on Dec 20, 2020.
             Killed by divine providence
             ... invoked by an orc priest
              (14 damage)
             ... on level 3 of the Dungeon.
             The game lasted 00:07:25 (3362 turns).

WaxSun the Gusty (Tengu Air Elementalist)           Turns: 3362, Time: 00:07:26

Health: -5/29      AC:  2    Str:  8    XL:     5   Next: 3%
Magic:  10/10      EV: 16    Int: 17    God:
Gold:   175        SH:  0    Dex: 14    Spells: 5/9 levels left

rFire    . . .     SeeInvis .   m - +0 dagger
rCold    . . .     Faith    .   (no shield)
rNeg     . . .     Spirit   .   a - +0 robe
rPois    .         Reflect  .   (helmet restricted)
rElec    .         Harm     .   (no cloak)
rCorr    .         Rampage  .   (no gloves)
Will     .....                  (boots unavailable)
Stlth    ++........             (no amulet)
HPRegen  0.09/turn              (no ring)
MPRegen  0.12/turn              (no ring)

@: flying quickly and evasively, quick
A: beak, talons 3, able to fly
a: Stop Flying


You were on level 3 of the Dungeon.
You visited 1 branch of the dungeon, and saw 3 of its levels.

You collected 175 gold pieces.

Inventory:

Hand Weapons
 m - a +0 dagger (weapon)
Armour
 a - a +0 robe (worn)
Jewellery
 c - an uncursed ring of ice
 h - an uncursed ring of willpower {unknown}
Scrolls
 d - a scroll of magic mapping {unknown}
 f - 2 scrolls of teleportation {unknown}
 j - a scroll of enchant armour {unknown}
 k - 2 scrolls of remove curse {unknown}
 l - a scroll of noise {unknown}
 n - 2 scrolls of identify {unknown}
Potions
 b - 3 potions of degeneration {unknown}
 e - 2 potions of curing {unknown}
 g - a potion of haste {unknown}
 i - a potion of brilliance {unknown}
 o - a potion of lignification {unknown}
 p - a potion of heal wounds {unknown}


   Skills:
 + Level 1.3 Fighting
 + Level 3.1 Dodging
 - Level 2.3 Stealth
 + Level 2.7 Spellcasting
 + Level 2.8 Conjurations
 + Level 4.8 Air Magic


You had 5 spell levels left.
You knew the following spells:

 Your Spells              Type           Power        Failure   Level
a - Shock                 Conj/Air       60%          3%          1
b - Static Discharge      Conj/Air       15%          11%         3

Your spell library contained the following spells:

 Spells                   Type           Power        Failure   Level
 Swiftness                Air            18%          3%          2
 Corona                   Hex            2%           19%         1
 Airstrike                Air            9%           24%         4
 Ensorcelled Hibernation  Hex/Ice        4%           26%         2
 Dazzling Flash           Conj/Hex       14%          30%         3
 Confusing Touch          Hex            2%           47%         3
 Tukima's Dance           Hex            2%           47%         3
 Lightning Bolt           Conj/Air       7%           71%         5


Dungeon Overview and Level Annotations

Branches:
Dungeon (3/15)

Altars:


Innate Abilities, Weirdness & Mutations

You have a beak for a mouth.
You have claws for feet.
You can fly continuously.


Message History

The orc hits you but does no damage. The orc barely misses you.
You completely miss the orc. You claw the orc.
The orc is severely wounded.
The orc hits you with a +0 dagger.
You hit the orc. You claw the orc, but do no damage.
The orc is almost dead.
The orc hits you with a +0 flail. The orc completely misses you.
The orc priest barely misses you. The orc barely misses you.
You hit the orc.
You kill the orc!
The orc hits you with a +0 hand axe. The orc barely misses you.
The orc misses you.
The orc priest hits you but does no damage.
You hit the orc. You claw the orc.
The orc is almost dead.
The orc barely misses you. The orc hits you with a +0 dagger.
The orc hits you with a +0 hand axe.
The orc priest invokes the aid of Beogh against you.
Beogh smites you!
You die...

........ ........ #.
...#####
######.##### ...#
#..........#.#####.#
.###
#..........+.....#.#
.#
#..........#.#.#.#.#
.#
...............#.#.#
.#
......o)o....#.#.#.#
##
......o@.<...#.#.#.#
.######oK....#.#.#.#
#.#....#.#.#.#
#.#..........#
#.#.#...##.### #
#.#.....#....# #
#.###.#.#..#.# # ..
... #...#..#.#####
#.# ##
#[#†#..#>.....


You could see an orc priest, 3 orcs and a kobold.

Vanquished Creatures
  An orc wizard (D:3)
  3 gnolls
  An adder (D:2)
  A worm (D:3)
  7 orcs (D:3)
  A giant cockroach (D:1)
  7 goblins
  3 hobgoblins
  5 bats
  5 frilled lizards
  3 kobolds
  9 rats
46 creatures vanquished.

Vanquished Creatures (others)
  A rat (D:3)
1 creature vanquished.

Grand Total: 47 creatures vanquished

Notes
Turn   | Place    | Note
-------+----------+-------------------------------------------
     0 | D:1      | WaxSun the Tengu Air Elementalist began the quest for the
                  | Orb.
     0 | D:1      | Reached XP level 1. HP: 10/10 MP: 4/4
   278 | D:1      | Reached XP level 2. HP: 14/15 MP: 0/6
   876 | D:1      | Reached XP level 3. HP: 17/20 MP: 1/7
   928 | D:1      | Learned a level 3 spell: Static Discharge
  1967 | D:2      | Reached XP level 4. HP: 24/24 MP: 4/8
  1972 | D:2      | Reached skill level 1 in Fighting
  2784 | D:3      | Noticed an ogre
  2804 | D:3      | HP: 1/25 [ogre/+0 giant club (24)]
  3147 | D:3      | Gained mutation: You can fly continuously. [Tengu growth]
  3147 | D:3      | Reached XP level 5. HP: 22/29 MP: 9/9
  3362 | D:3      | Killed from afar by an orc priest

Illustrated notes

Levels and vault maps discovered:
D:1:      mrwooster_arrival_statue_2, layout_basic, st_stairs_12
D:2:      layout_basic, chequers_serial_rivers_micro_a
D:3:      minmay_wonky_spiral, layout_basic

Skill      XL: |  1  2  3  4 |
---------------+-------------+-----
Conjurations   | 2 |  2.8
Fighting       | 1 |  1.3
Dodging        | 3 |  3.1
Stealth        | |  2.3
Spellcasting   | |  2.7
Air Magic      | |  4.8

Action                   |  1- 3 |  4- 6 || total
-------------------------+-------+-------++-------
Melee: Unarmed           |    46 |       ||    46
       Kick              |     9 |     7 ||    16
       Peck              |     3 |     5 ||     8
       Dagger            |     2 |    35 ||    37
 Cast: Shock             |    35 |    25 ||    60
       Static Discharge  |       |     2 ||     2
 Abil: Fly               |       |     1 ||     1
 Stab: Sleeping          |     2 |     1 ||     3
Armor: Robe              |    15 |     4 ||    19
Dodge: Dodged            |    38 |    39 ||    77

Table legend: (Time is in decaauts)
 A = Elapsed time spent in this place.
 B = Non-inter-level travel time spent in this place.
 C = Inter-level travel time spent in this place.
 D = Time resting spent in this place.
 E = Time spent auto-exploring this place.
 F = Levels seen in this place.
 G = Mean time per level.
                   A        B        C        D        E       F      G
               +--------+--------+--------+--------+--------+-----+--------+
         Total |   3356 |   3121 |    235 |    562 |   2155 |   3 | 1118.7 |
       Dungeon |   3356 |   3121 |    235 |    562 |   2155 |   3 | 1118.7 |
               +--------+--------+--------+--------+--------+-----+--------+

Top non-repeatable levels by time:
     D:1: 1519 daAuts
     D:2: 966 daAuts
     D:3: 871 daAuts
